 Dungeon Crawl Stone Soup version 0.25.1-9-gc5326a611f (webtiles) character file.

Game seed: 14904418453671786914

1463 tkbsonic5 the Skirmisher (level 8, 0/82 HPs)
             Began as a Naga Fighter on Dec 1, 2021.
             Was a Follower of Fedhas.
             Slain by an ice beast (14 damage)
             ... on level 6 of the Dungeon.
             The game lasted 00:30:59 (6061 turns).

tkbsonic5 the Skirmisher (Naga Fighter)             Turns: 6061, Time: 00:31:00

Health: 0/82       AC:  3    Str: 20    XL:     8   Next: 77%
Magic:  9/9        EV: 10    Int:  8    God:    Fedhas [*.....]
Gold:   273        SH:  0    Dex: 12    Spells: 7/7 levels left

rFire    . . .     SeeInvis +   a - +0 war axe
rCold    . . .     Gourm    .   (no shield)
rNeg     . . .     Faith    .   z - +0 robe
rPois    +         Spirit   .   (no helmet)
rElec    .         Reflect  .   (no cloak)
rCorr    .         Harm     .   (no gloves)
MR       +....                  (no barding)
Stlth    +++.......             (no amulet)
HPRegen  0.23/turn              (no ring)
MPRegen  0.11/turn              (no ring)

@: drained, very slow
A: large, see invisible, deformed body, poison resistance, robust 1, slowness 2,
slow metabolism 1, spit poison 1, subdued magic 1, AC +2
a: Spit Poison, Renounce Religion


You were on level 6 of the Dungeon.
You worshipped Fedhas.
Fedhas was aware of your devotion.
You were not hungry.

You visited 1 branch of the dungeon, and saw 6 of its levels.

You collected 273 gold pieces.

Inventory:

Hand Weapons
 a - a +0 war axe (weapon)
 d - a +0 shortbow
 g - a +0 whip of draining
 l - a +0 trident
 n - a +1 dagger of protection
 o - a +0 war axe of freezing
 q - a +0 spear
 u - a +0 hunting sling
 x - a +0 quarterstaff
 A - a +0 rapier
 B - a +0 halberd
 C - a +0 glaive
 D - a +4 flail
Missiles
 h - 38 poisoned darts
 i - 105 arrows
 r - 18 boomerangs
 v - 69 bolts
 w - 25 stones
 E - 2 silver javelins (quivered)
Armour
 b - a +0 scale mail
 c - a +0 kite shield
 k - a +0 plate armour
 m - a +0 ring mail
 z - a +0 robe (worn)
Wands
 p - a wand of iceblast (6)
Scrolls
 e - 5 scrolls of remove curse
 s - a scroll of identify
 t - a scroll of amnesia
 y - a scroll of magic mapping
Potions
 j - 2 potions of magic
Comestibles
 f - 12 rations


   Skills:
 * Level 5.4(4.4) Fighting
 * Level 0.3(0.0) Short Blades
 * Level 4.3(3.4) Axes
 - Level 1.1(2.0) Polearms
 - Level 1.2 Slings
 * Level 2.0(1.1) Bows
 - Level 2.5(1.8) Throwing
 - Level 3.4(2.5) Armour
 * Level 3.0(2.1) Dodging
 * Level 5.2(4.3) Stealth
 - Level 3.2(2.3) Shields
 + Level 2.0(1.1) Invocations
 + Level 1.5(0.6) Evocations


You had 7 spell levels left.
You didn't know any spells.
Your spell library contained the following spells:

 Spells                   Type           Power        Failure   Level  Hunger
 Magic Dart               Conj           #...         36%         1    ##.....
 Blink                    Tloc           N/A          50%         2    ###....
 Call Imp                 Summ           #.......     50%         2    ###....
 Slow                     Hex            #.......     50%         2    ###....
 Conjure Flame            Conj/Fire      #.......     75%         3    ####...
 Mephitic Cloud           Conj/Pois/Air  #.......     75%         3    ####...


Dungeon Overview and Level Annotations

Branches:
Dungeon (6/15)
 Temple: D:4-7

Altars:
Cheibriados
Fedhas
Kikubaaqudgha
Vehumet
Wu Jian
Xom

Annotations:
D:5 Eustachio


Innate Abilities, Weirdness & Mutations

You cannot wear boots.
Your serpentine skin is tough. (AC +2)
You have supernaturally acute eyesight. (SInv)
Armour fits poorly on your strangely shaped body.
Your system is resistant to poisons. (rPois)
You cover ground very slowly.
You have a slow metabolism.
You can spit poison.
You are robust. (+10% HP)
Your spells are a little easier to cast, but a little less powerful.


Message History

You hit the ice beast but do no damage. The ice beast closely misses you.
You closely miss the ice beast.
The ice beast hits you but does no damage.
The ice beast hits you. The ice beast freezes you!
a - a +0 war axe (weapon)
You barely miss the ice beast.
The ice beast hits you but does no damage.
You closely miss the ice beast. The ice beast hits you.
The ice beast freezes you!
* * * LOW HITPOINT WARNING * * *
The ice beast barely misses you.
You completely miss the ice beast.
The ice beast hits you but does no damage.
You closely miss the ice beast. The ice beast misses you.
You barely miss the ice beast. The ice beast closely misses you.
The ice beast hits you.
* * * LOW HITPOINT WARNING * * *
The ice beast freezes you!
You die...
Fedhas appreciates your contribution to the ecosystem.

#### ...# #.. ##<# #.#
#.# #.# #.# ###.###
##.##### ..... .......#
#..... ##.###.# #..#Y#
#......# #..#@## #..###.#
#..#..# # # #...##.#
#..##.#.#.# #.#.##.#
#.........# #...##.#
#.........#
#...##.######.....##.#...
)............#.......'...
#...#########.....##.#...
##..# #..#.## ##..


You could see an ice beast.

Vanquished Creatures
  2 sky beasts (D:5)
  An orc warrior (D:6)
  3 ogres (D:4)
  2 centaurs
  A gnoll sergeant (D:5)
  A bullfrog (D:4)
  A scorpion (D:4)
  A howler monkey (D:4)
  2 crimson imps
  2 hounds
  5 orc wizards
  An iguana (D:4)
  2 worker ants
  A killer bee zombie (D:5)
  8 gnolls
  3 adders
  An adder zombie (D:5)
  2 adder skeletons
  2 worms (D:2)
  4 dart slugs
  3 leopard geckos
  13 orcs
  A ball python (D:1)
  3 giant cockroaches
  3 goblins
  9 hobgoblins
  2 jackals (D:2)
  7 kobolds
  3 quokkas (D:5)
  A ball python skeleton (D:4)
  4 bats
  7 frilled lizards
  A jackal zombie (D:5)
  A quokka skeleton (D:6)
  4 rats (D:1)
107 creatures vanquished.

Notes
Turn   | Place    | Note
-------+----------+-------------------------------------------
     0 | D:1      | tkbsonic5 the Naga Fighter began the quest for the Orb.
     0 | D:1      | Reached XP level 1. HP: 21/21 MP: 1/1
    65 | D:1      | Reached skill level 1 in Stealth
    65 | D:1      | Reached XP level 2. HP: 28/28 MP: 2/2
   273 | D:1      | Reached XP level 3. HP: 28/34 MP: 3/3
  1129 | D:2      | Found a faded altar of an unknown god.
  1242 | D:2      | Found an ancient bone altar of Kikubaaqudgha.
  1470 | D:3      | Reached XP level 4. HP: 40/42 MP: 4/4
  1925 | D:3      | Found a shimmering altar of Xom.
  1926 | D:3      | Found an ornate altar of the Wu Jian Council.
  1928 | D:3      | Found a radiant altar of Vehumet.
  1928 | D:3      | Found a blossoming altar of Fedhas.
  1930 | D:3      | Found a snail-covered altar of Cheibriados.
  1936 | D:3      | Became a worshipper of Fedhas Madash
  2061 | D:4      | Reached skill level 1 in Throwing
  2061 | D:4      | Reached skill level 1 in Dodging
  2076 | D:4      | Reached XP level 5. HP: 25/50 MP: 5/5
  2364 | D:4      | Noticed an ogre
  2378 | D:4      | Killed an ogre
  2378 | D:4      | Reached XP level 6. HP: 9/57 MP: 6/6
  2408 | D:4      | Gained mutation: Your spells are a little easier to cast,
                  | but a little less powerful. [potion of mutation]
  2408 | D:4      | Gained mutation: You are robust. (+10% HP) [potion of
                  | mutation]
  2798 | D:4      | Reached XP level 7. HP: 72/72 MP: 7/7
  3448 | D:5      | Entered Level 5 of the Dungeon
  3455 | D:5      | Noticed Eustachio
  3549 | D:4      | HP: 3/72 [ogre/+0 giant club (21)]
  3551 | D:4      | HP: 1/72 [ogre/+0 giant club (2)]
  3888 | D:5      | Reached skill level 1 in Slings
  3900 | D:5      | Reached skill level 1 in Invocations
  4000 | D:5      | Reached skill level 1 in Polearms
  4138 | D:5      | Reached * piety under Fedhas
  4181 | D:5      | Reached XP level 8. HP: 64/80 MP: 7/9
  4358 | D:5      | Reached skill level 5 in Fighting
  4358 | D:5      | Reached skill level 1 in Bows
  4358 | D:5      | Reached skill level 1 in Evocations
  5340 | D:6      | Reached skill level 5 in Stealth
  6061 | D:6      | Slain by an ice beast

Illustrated notes

Levels and vault maps discovered:
D:1:      grunt_arrival_crossed_arrows, layout_basic,
          hangedman_abyss_or_decor_stabs
D:2:      layout_rooms, overflow_temple_1_default,
          chequers_ecumenical_altar_simple_redux
D:3:      layout_loops_ring, grunt_temple_overflow_open
D:4:      layout_cave_pools, first_ration, chequers_serial_rivers_small_a
D:5:      layout_basic, st_stairs_11, water_boxes_lemuel, uniq_eustachio
D:6:      layout_loops_corners, overflow_temple_1_default,
          makhleb_blood_cavern_becter

Skill      XL: |  1  2  3  4  5  6  7  8 |
---------------+-------------------------+-----
Stealth        | 1 2 3 4 5 |  5.2
Throwing       | 1 2 |  2.5
Dodging        | 1 2 3 |  3.0
Axes           | 3 4 |  4.3
Fighting       | 4 5 |  5.4
Shields        | 3 |  3.2
Armour         | 3 |  3.4
Slings         | 1 |  1.2
Invocations    | 1 2 |  2.0
Polearms       | 1 |  1.1
Bows           | 2 |  2.0
Evocations     | 1 |  1.5
Short Blades   | |  0.3

Action                   |  1- 3 |  4- 6 |  7- 9 || total
-------------------------+-------+-------+-------++-------
Melee: War axe           |   141 |    71 |   105 ||   317
       Spear             |       |       |    57 ||    57
       Trident           |       |       |    15 ||    15
       Dagger            |       |       |    11 ||    11
       Halberd           |       |       |     4 ||     4
       Quarterstaff      |       |       |     2 ||     2
 Fire: Shortbow          |       |       |     2 ||     2
Throw: Dart              |     7 |    19 |    24 ||    50
       Javelin           |       |       |    18 ||    18
 Abil: Spit Poison       |    13 |     3 |     8 ||    24
  Use: Scroll            |     1 |     2 |     8 ||    11
       Potion            |       |     4 |     3 ||     7
  Eat: Chunk             |     2 |     1 |     2 ||     5
       Ration            |       |     1 |     2 ||     3
Armor: Scale mail        |    81 |    19 |    27 ||   127
       Plate armour      |    14 |       |    69 ||    83
       Robe              |       |       |     4 ||     4
       Ring mail         |       |       |     4 ||     4
Dodge: Dodged            |    43 |    22 |    65 ||   130
Block: Kite shield       |    83 |    36 |    38 ||   157
